HSSL
MARIS SCHOOL @ BISHOP AMAT HS
05/04/2023
 
TOP OF THE 1ST
Maris School batting - Pitching for Bishop Amat HS : LHP Bryan Vaughan
Pitching: LHP Bryan Vaughan
Batting: RHB Jason Ward 0-0: SINGLE (Flyball, 8RS)
Batting: RHB James Everhart 0-0: Ball
1-0: Swinging Strike
1-1: Called Strike
Jason Ward is caught stealing 2nd base
1-2: Strikes out looking
Batting: LHB Al Gaines 0-0: Called Strike
0-1: Swinging Strike
0-2: Ball
1-2: Ball
2-2: Foul Ball, location: 2F
2-2: Fly out, F7 (Flyball, 7D)
Top of the 1st over - 0 run(s), 1 hit(s), 0 error(s), 0 left on base; Maris School 0 - Bishop Amat HS 0
BOTTOM OF THE 1ST
Bishop Amat HS batting - Pitching for Maris School : RHP Hugh Hale
Pitching: RHP Hugh Hale
Batting: RHB Will David 0-0: Foul Ball, location: 2F
0-1: Ball
1-1: Fly out, F6 (Line Drive, 6)
Batting: RHB Bartolo Reyes 0-0: Ball
1-0: Swinging Strike
1-1: Ball
2-1: Swinging Strike
2-2: Strikes out swinging
Batting: RHB Ryan Parrish 0-0: Ball
1-0: Ball
2-0: Ball
3-0: Base on Balls
Batting: LHB Edmund Stone 0-0: Foul Ball, location: 2F
0-1: Ball
1-1: Ground out 4-3 (Groundball, 4)
Bottom of the 1st over - 0 run(s), 0 hit(s), 0 error(s), 1 left on base; Maris School 0 - Bishop Amat HS 0
TOP OF THE 2ND
Maris School batting - Pitching for Bishop Amat HS : LHP Bryan Vaughan
Batting: RHB Marshall Normore 0-0: Ground out 6-3 (Groundball, 6M)
Batting: LHB Denny Poole 0-0: Ball
1-0: Ball
2-0: Called Strike
2-1: Swinging Strike
2-2: Ball
3-2: Foul Ball, location: 2F
Reached via error on a dropped throw, E1
Batting: RHB Denis Miller 0-0: Ball
1-0: Ball
2-0: Ball
3-0: Base on Balls
Denny Poole to second
Batting: RHB John Scammell 0-0: Ball
1-0: Ball
2-0: Ball
3-0: Base on Balls
Denny Poole to third
Denis Miller to second
Batting: LHB Gary White 0-0: Ball
1-0: Ball
Wild Pitch!
Denny Poole scores
Denis Miller to third
John Scammell to second
2-0: Called Strike
2-1: Ball
3-1: Base on Balls
Batting: RHB Joe Baker 0-0: Swinging Strike
0-1: Called Strike
0-2: Foul Ball, location: 2F
0-2: Ball
1-2: Ball
2-2: Strikes out swinging
Batting: RHB Jason Ward 0-0: Foul Ball, location: 2F
0-1: Ball
1-1: Foul Ball, location: 2F
1-2: Strikes out swinging
Top of the 2nd over - 1 run(s), 0 hit(s), 1 error(s), 3 left on base; Maris School 1 - Bishop Amat HS 0
BOTTOM OF THE 2ND
Bishop Amat HS batting - Pitching for Maris School : RHP Hugh Hale
Batting: SHB Jimmy Wilson 0-0: Fly out, F7 (Flyball, 7M)
Batting: RHB Jim Norris 0-0: Called Strike
0-1: Ball
1-1: DOUBLE (Line Drive, 89S)
Batting: LHB Edgardo Aguilar 0-0: Ball
1-0: Ball
2-0: Ball
3-0: Called Strike
3-1: Ground out 4-3 (Groundball, 4M)
Jim Norris to third
Batting: SHB Leonardo González 0-0: Called Strike
0-1: Ball
1-1: Foul Ball, location: 2F
1-2: Foul Ball, location: 2F
1-2: DOUBLE (Line Drive, 9LS)
Jim Norris scores
Batting: RHB Elwood López 0-0: Called Strike
0-1: Ball
1-1: Swinging Strike
1-2: Strikes out swinging
Bottom of the 2nd over - 1 run(s), 2 hit(s), 0 error(s), 1 left on base; Maris School 1 - Bishop Amat HS 1
TOP OF THE 3RD
Maris School batting - Pitching for Bishop Amat HS : LHP Bryan Vaughan
Batting: RHB James Everhart 0-0: Called Strike
0-1: Ball
1-1: Ground out 5-3 (Groundball, 56)
Batting: LHB Al Gaines 0-0: Ball
1-0: Ball
2-0: Ball
3-0: Called Strike
3-1: Swinging Strike
3-2: Strikes out swinging
Batting: RHB Marshall Normore 0-0: Ball
1-0: Called Strike
1-1: SINGLE (Flyball, 89S)
Batting: LHB Denny Poole 0-0: Foul Ball, location: 2F
0-1: Ball
1-1: Called Strike
1-2: Fly out, F6 (Popup, 6M)
Top of the 3rd over - 0 run(s), 1 hit(s), 0 error(s), 1 left on base; Maris School 1 - Bishop Amat HS 1
BOTTOM OF THE 3RD
Bishop Amat HS batting - Pitching for Maris School : RHP Hugh Hale
Batting: RHB Will David 0-0: Called Strike
0-1: Fly out, F6 (Popup, 7LS)
Batting: RHB Bartolo Reyes 0-0: Ball
1-0: DOUBLE (Flyball, 8RXD)
Batting: RHB Ryan Parrish 0-0: Called Strike
Bartolo Reyes steals 3rd base
0-1: Ball
1-1: Foul Ball, location: 2F
1-2: Fly out, F9 (Flyball, 89M)
Runner from 3rd tags up, SCORES, no throw
Batting: LHB Edmund Stone 0-0: Called Strike
0-1: Ball
1-1: Ball
2-1: Swinging Strike
2-2: Foul Ball, location: 2F
2-2: Ball
3-2: Foul Ball, location: 2F
3-2: Foul Ball, location: 2F
3-2: Ground out 4-3 (Groundball, 34)
Bottom of the 3rd over - 1 run(s), 1 hit(s), 0 error(s), 0 left on base; Maris School 1 - Bishop Amat HS 2
TOP OF THE 4TH
Maris School batting - Pitching for Bishop Amat HS : LHP Bryan Vaughan
Batting: RHB Denis Miller 0-0: Foul Ball, location: 2F
0-1: Ball
1-1: Ball
2-1: Called Strike
2-2: DOUBLE (Line Drive, 7LD)
Batting: RHB John Scammell 0-0: Foul Ball, location: 2F
0-1: Ball
1-1: SINGLE (Flyball, 8RS)
Denis Miller to third
Batting: LHB Gary White 0-0: Ball
1-0: Ball
2-0: Swinging Strike
2-1: Swinging Strike
2-2: Foul Ball, location: 2F
2-2: Strikes out swinging
Batting: RHB Joe Baker 0-0: Foul Ball, location: 2F
0-1: Ball
1-1: Ball
2-1: Ball
3-1: Base on Balls
John Scammell to second
Batting: RHB Jason Ward 0-0: Ball
1-0: Ball
2-0: Called Strike
2-1: Fly out, F3 (Popup, 3F)
Pitching: RHP Edward Armstrong
Batting: RHB James Everhart 0-0: Ground out 4-3 (Groundball, 4)
Top of the 4th over - 0 run(s), 2 hit(s), 0 error(s), 3 left on base; Maris School 1 - Bishop Amat HS 2
BOTTOM OF THE 4TH
Bishop Amat HS batting - Pitching for Maris School : RHP Hugh Hale
Batting: SHB Jimmy Wilson 0-0: Called Strike
0-1: Ball
1-1: Fly out, F7 (Flyball, 78M)
Batting: RHB Jim Norris 0-0: Ball
1-0: Swinging Strike
1-1: Swinging Strike
1-2: Ball
2-2: Ball
3-2: Base on Balls
Batting: LHB Edgardo Aguilar 0-0: Grounds into double play, 4-6-3 (Groundball, 34)
Bottom of the 4th over - 0 run(s), 0 hit(s), 0 error(s), 0 left on base; Maris School 1 - Bishop Amat HS 2
TOP OF THE 5TH
Maris School batting - Pitching for Bishop Amat HS : RHP Edward Armstrong
Batting: LHB Al Gaines 0-0: Ball
1-0: Ball
2-0: Called Strike
2-1: Ball
3-1: Swinging Strike
3-2: Fly out, F3 (Line Drive, 3)
Batting: RHB Marshall Normore 0-0: Ball
1-0: Ball
2-0: Ball
3-0: Base on Balls
Batting: LHB Denny Poole 0-0: Ball
1-0: Ball
2-0: Foul Ball, location: 2F
2-1: Ball
3-1: Base on Balls
Marshall Normore to second
Batting: RHB Denis Miller 0-0: 3-RUN HOME RUN (Flyball, 78XD), Distance : 424 ft
Batting: RHB John Scammell 0-0: Ball
1-0: Ball
2-0: Ball
3-0: Called Strike
3-1: Foul Ball, location: 2F
3-2: Base on Balls
Batting: LHB Gary White 0-0: Fielders Choice at 2nd, 6-4 (Groundball, 6M)
Batting: RHB Joe Baker 0-0: SINGLE (Groundball, 56D)
Gary White to second
Batting: RHB Jason Ward 0-0: Called Strike
0-1: Ball
1-1: Ball
2-1: Foul Ball, location: 2F
2-2: SINGLE (Line Drive, 8LS)
Gary White to third
Joe Baker to second
Batting: RHB James Everhart 0-0: Foul Ball, location: 2F
0-1: Ball
1-1: Ball
2-1: Swinging Strike
2-2: Foul Ball, location: 2F
2-2: Ground out 5-3 (Groundball, 5S)
Top of the 5th over - 3 run(s), 3 hit(s), 0 error(s), 3 left on base; Maris School 4 - Bishop Amat HS 2
BOTTOM OF THE 5TH
Bishop Amat HS batting - Pitching for Maris School : RHP Hugh Hale
Batting: SHB Leonardo González 0-0: Called Strike
0-1: Swinging Strike
0-2: Ball
1-2: Ball
2-2: Ball
3-2: Foul Ball, location: 2F
3-2: Base on Balls
Batting: RHB Elwood López 0-0: Called Strike
0-1: Ball
1-1: Ball
2-1: Called Strike
2-2: SINGLE (Groundball, 5D)
Leonardo González to second
Batting: RHB Will David 0-0: Ball
1-0: Foul Ball, location: 2F
1-1: Ball
2-1: Ball
3-1: Foul Ball, location: 2F
3-2: Foul Ball, location: 2F
3-2: Base on Balls
Leonardo González to third
Elwood López to second
Batting: RHB Bartolo Reyes 0-0: Ground out 3-1 (Groundball, 34)
Leonardo González scores
Elwood López to third
Will David to second
Pitching: RHP Ernest Elliott
Batting: RHB Ryan Parrish 0-0: Ball
1-0: Ball
2-0: Ball
3-0: Called Strike
3-1: Foul Ball, location: 2F
3-2: Fly out, F7 (Flyball, 7LM)
Runner from 3rd tags up, SCORES, throw made
Batting: LHB Edmund Stone 0-0: Ball
1-0: Ball
2-0: Called Strike
2-1: Called Strike
2-2: Ball
3-2: Fly out, F6 (Popup, 6MD)
Bottom of the 5th over - 2 run(s), 1 hit(s), 0 error(s), 1 left on base; Maris School 4 - Bishop Amat HS 4
TOP OF THE 6TH
Maris School batting - Pitching for Bishop Amat HS : RHP Edward Armstrong
Batting: LHB Al Gaines 0-0: Ball
1-0: Called Strike
1-1: Ball
2-1: Ball
3-1: Swinging Strike
3-2: Fly out, F5 (Popup, 5SF)
Batting: RHB Marshall Normore 0-0: Swinging Strike
0-1: Fly out, F9 (Flyball, 9LMF)
Batting: LHB Denny Poole 0-0: Ball
1-0: Called Strike
1-1: Ground out 3-1 (Groundball, 34)
Top of the 6th over - 0 run(s), 0 hit(s), 0 error(s), 0 left on base; Maris School 4 - Bishop Amat HS 4
BOTTOM OF THE 6TH
Bishop Amat HS batting - Pitching for Maris School : RHP Ernest Elliott
Batting: SHB Jimmy Wilson 0-0: Called Strike
0-1: Swinging Strike
0-2: Ball
1-2: Ball
2-2: Strikes out swinging
Batting: RHB Jim Norris 0-0: Foul Ball, location: 2F
0-1: Foul Ball, location: 2F
0-2: Fly out, F3 (Popup, 23)
Batting: LHB Edgardo Aguilar 0-0: Ground out 3-1 (Groundball, 34)
Bottom of the 6th over - 0 run(s), 0 hit(s), 0 error(s), 0 left on base; Maris School 4 - Bishop Amat HS 4
TOP OF THE 7TH
Maris School batting - Pitching for Bishop Amat HS : RHP Edward Armstrong
Pitching: RHP Broderick Bower
Batting: RHB Denis Miller 0-0: Ground out 6-3 (Groundball, 6)
Batting: RHB John Scammell 0-0: Ball
1-0: Reached on error, E3 (Groundball, 34)
Batting: LHB Gary White 0-0: Ball
1-0: Ball
2-0: Ball
3-0: Base on Balls
Pinch Runner at 2nd Wayne Scott:
Batting: RHB Joe Baker 0-0: Called Strike
0-1: SINGLE (Groundball, 56D)
Wayne Scott to third
Gary White to second
Runner from 3rd tries for Home, SAFE, throw made home
Batting: RHB Jason Ward 0-0: Swinging Strike
0-1: Called Strike
0-2: Foul Ball, location: 2F
0-2: 3-RUN HOME RUN (Flyball, 7D), Distance : 391 ft
Pitching: RHP Cliff Davis
Batting: RHB James Everhart 0-0: Foul Ball, location: 2F
0-1: Foul Ball, location: 2F
0-2: Hit by Pitch
Batting: LHB Al Gaines 0-0: Swinging Strike
0-1: Called Strike
0-2: Ball
1-2: Strikes out swinging
Batting: RHB Marshall Normore 0-0: Called Strike
0-1: Fly out, F7 (Flyball, 7M)
Top of the 7th over - 4 run(s), 2 hit(s), 1 error(s), 1 left on base; Maris School 8 - Bishop Amat HS 4
BOTTOM OF THE 7TH
Bishop Amat HS batting - Pitching for Maris School : RHP Ernest Elliott
Now at 2B: Wilson Metherall
Batting: SHB Leonardo González 0-0: Ground out 1-3 (Groundball, 13)
Pitching: LHP Brant Goff
Batting: RHB Elwood López 0-0: Called Strike
0-1: Fly out, F9 (Flyball, 9S)
Batting: RHB Will David 0-0: Swinging Strike
0-1: Swinging Strike
0-2: Ball
1-2: Ball
2-2: Ball
3-2: Base on Balls
Batting: RHB Bartolo Reyes 0-0: Ball
1-0: Foul Ball, location: 2F
1-1: Swinging Strike
1-2: Strikes out swinging
Bottom of the 7th over - 0 run(s), 0 hit(s), 0 error(s), 1 left on base; Maris School 8 - Bishop Amat HS 4
TOP OF THE 8TH
Maris School batting - Pitching for Bishop Amat HS : RHP Cliff Davis
Batting: LHB Denny Poole 0-0: Ball
1-0: DOUBLE (Flyball, 89D)
Batting: RHB Denis Miller 0-0: Intentional Walk
Batting: RHB Wilson Metherall 0-0: Bunt missed!
0-1: Reached on error, E1 (Groundball, 15S)
Denny Poole scores
Denis Miller to third
Batting: LHB Gary White 0-0: SINGLE (Line Drive, 56D)
Denis Miller scores
Wilson Metherall to third
Batting: RHB Joe Baker 0-0: 3-RUN HOME RUN (Flyball, 7D), Distance : 385 ft
Pitching: RHP Cameron Waddell
Batting: RHB Jason Ward 0-0: DOUBLE (Flyball, 7LS)
Batting: RHB James Everhart 0-0: Called Strike
0-1: Foul Ball, location: 2F
0-2: Ball
1-2: Strikes out swinging
Batting: LHB Al Gaines 0-0: Foul Ball, location: 2F
0-1: Ground out U3 (Groundball, 3)
Jason Ward to third
Batting: RHB Marshall Normore 0-0: Foul Ball, location: 2F
0-1: Fly out, F4 (Popup, 34)
Top of the 8th over - 5 run(s), 4 hit(s), 1 error(s), 1 left on base; Maris School 13 - Bishop Amat HS 4
BOTTOM OF THE 8TH
Bishop Amat HS batting - Pitching for Maris School : LHP Brant Goff
Batting: RHB Ryan Parrish 0-0: Foul Ball, location: 2F
0-1: Fly out, F7 (Flyball, 7S)
Batting: LHB Edmund Stone 0-0: Ball
1-0: Ground out U3 (Groundball, 3S)
Batting: SHB Jimmy Wilson 0-0: Ball
1-0: Foul Ball, location: 2F
1-1: Swinging Strike
1-2: Strikes out swinging
Bottom of the 8th over - 0 run(s), 0 hit(s), 0 error(s), 0 left on base; Maris School 13 - Bishop Amat HS 4
TOP OF THE 9TH
Maris School batting - Pitching for Bishop Amat HS : RHP Cameron Waddell
Batting: LHB Denny Poole 0-0: Foul Ball, location: 2F
0-1: Ball
1-1: Ball
2-1: Called Strike
2-2: Ball
3-2: Foul Ball, location: 2F
3-2: Base on Balls
Batting: RHB Denis Miller 0-0: Called Strike
0-1: Foul Ball, location: 2F
0-2: Foul Ball, location: 2F
0-2: Ball
1-2: Ball
2-2: Reached on error, E6 (Groundball, 6)
Denny Poole to second
Batting: RHB Wilson Metherall 0-0: Swinging Strike
0-1: Sac Bunt - play at first, batter safe!
Denny Poole to third
Denis Miller to second
Batting: LHB Gary White 0-0: Ball
1-0: Fly out, F8 (Flyball, 8LM)
Batting: RHB Joe Baker 0-0: Ball
1-0: Called Strike
1-1: Ball
2-1: Foul Ball, location: 2F
2-2: Foul Ball, location: 2F
2-2: Foul Ball, location: 2F
2-2: Ball
3-2: Base on Balls
Denny Poole scores
Denis Miller to third
Wilson Metherall to second
Batting: RHB Jason Ward 0-0: Ball
1-0: Swinging Strike
1-1: Foul Ball, location: 2F
1-2: Foul Ball, location: 2F
1-2: Strikes out swinging
Batting: RHB James Everhart 0-0: SINGLE (Line Drive, 56)
Denis Miller scores
Wilson Metherall to third
Joe Baker to second
Runner from 3rd tries for Home, SAFE, no throw or cutoff
Batting: LHB Al Gaines 0-0: Ball
1-0: SINGLE (Groundball, 4M)
Joe Baker to third
James Everhart to second
Runner from 3rd tries for Home, SAFE, no throw or cutoff
Batting: RHB Marshall Normore 0-0: Ball
1-0: Ball
2-0: Foul Ball, location: 2F
2-1: Called Strike
2-2: Ball
3-2: Ground out 4-3 (Groundball, 4S)
Top of the 9th over - 4 run(s), 3 hit(s), 1 error(s), 2 left on base; Maris School 17 - Bishop Amat HS 4
BOTTOM OF THE 9TH
Bishop Amat HS batting - Pitching for Maris School : LHP Brant Goff
Now in LF: Phil Poole
Batting: RHB Jim Norris 0-0: Bunted foul
0-1: Swinging Strike
0-2: SINGLE (Line Drive, 89M)
Batting: LHB Edgardo Aguilar 0-0: Ball
1-0: Ball
2-0: Fly out, F9 (Flyball, 89M)
Batting: SHB Leonardo González 0-0: Ball
1-0: Swinging Strike
1-1: Fly out, F8 (Flyball, 8RM)
Batting: RHB Elwood López Pickoff Throw to First - Out!
Bottom of the 9th over - 0 run(s), 1 hit(s), 0 error(s), 0 left on base; Maris School 17 - Bishop Amat HS 4
This league is powered by Out of the Park Baseball, the baseball management simulation game for PC, Mac and Linux
Wednesday, December 2nd, 2015 - OOTP Baseball 16.8 Build 38